Map: Золотые столпы РВ

Players

ИИ 1 (знаток) - Winner!

  • Race: Terran Terran
  • Spawn Location: 1:00

Doll

  • Race: Zerg Zerg
  • Spawn Location: 7:00

VOD

Have the link to the VOD?

Description

Time

  • Played on: March 9, 2021, 10:18 a.m.
  • Length: 10:11
Show
View Real Time Build Order
Export as new Build Order

ИИ 1 (знаток) Terran - Winner!

Build Orders:  

Get SALT Encoding   

  12  0:00  SCV  
  13  0:13  SCV  
  14  0:20  Supply Depot  
  14  0:25  SCV  
  15  0:41  SCV  
  16  0:43  Barracks  
  16  0:53  SCV  
  17  1:05  SCV  
  18  1:18  Command Center  
  18  1:30  Marine  
  18  1:31  Orbital Command  
  19  1:40  Supply Depot  
  19  1:47  Refinery  
  19  1:48  Marine  
  20  1:56  SCV  
  21  2:03  Barracks  
  21  2:08  SCV, Refinery  
  22  2:27  SCV  
  23  2:39  SCV  
  24  2:44  Factory, Marine  
  24  2:50  Marine  
  26  2:52  SCV  
  27  3:04  Barracks Tech Lab  
  24  3:08  Marine  
  24  3:11  SCV  
  25  3:17  SCV  
  26  3:20  Refinery  
  26  3:23  SCV  
  26  3:25  Marauder  
  29  3:27  Barracks Tech Lab  
  29  3:29  SCV  
  32  3:34  Hellion  
  32  3:35  SCV  
  34  3:41  SCV  
  34  3:45  Factory  
  34  3:47  SCV  
  35  3:53  SCV  
  35  3:55  Factory Tech Lab  
  36  3:59  SCV  
  37  4:02  Starport  
  37  4:11  Starport  
  37  4:17  Marine  
  38  4:26  Marine  
  38  4:29  Factory Tech Lab  
  39  4:31  Supply Depot  
  39  4:35  Marine  
  40  4:39  Starport Tech Lab  
  40  4:45  Marauder  
  42  4:48  Starport Tech Lab  
  42  4:54  Marauder  
  42  4:57  Medivac  
  46  5:01  Supply Depot  
  46  5:02  SCV  
  46  5:05  SCV  
  46  5:06  Reaper  
  49  5:12  Stimpack  
  49  5:13  Ghost Academy  
  49  5:14  SCV  
  50  5:23  SCV  
  50  5:26  SCV  
  52  5:32  Combat Shield  
  52  5:35  SCV  
  53  5:38  SCV  
  53  5:41  Supply Depot  
  54  5:44  Ghost  
  54  5:47  SCV  
  54  5:48  Engineering Bay  
  57  5:54  SCV  
  58  5:59  SCV  
  58  6:03  Marine  
  60  6:06  SCV  
  61  6:11  SCV  
  61  6:13  Marine  
  61  6:14  Terran Infantry Armor Level 1, Supply Depot  
  63  6:18  SCV  
  63  6:22  Marine  
  63  6:23  SCV  
  66  6:30  SCV  
  66  6:31  Marine  
  68  6:36  SCV  
  68  6:39  Supply Depot  
  69  6:40  Marine  
  69  6:42  SCV  
  71  6:48  Refinery  
  71  6:50  Marine  
  71  6:51  Concussive Shells  
  72  6:59  Marauder  
  72  7:01  SCV x2  
  76  7:02  Supply Depot  
  76  7:09  Marauder  
  76  7:13  SCV  
  76  7:14  Missile Turret  
  79  7:18  SCV  
  79  7:19  Missile Turret  
  79  7:21  Marauder  
  82  7:24  Medivac x2, Missile Turret  
  82  7:25  SCV  
  82  7:26  Supply Depot  
  87  7:30  Marauder  
  87  7:31  Missile Turret  
  89  7:40  Bunker  
  89  7:42  Reaper  
  90  7:50  Sensor Tower  
  90  7:51  Ghost  
  90  7:52  Supply Depot  
  90  7:54  Bunker, Raven x2  
  96  7:59  Armory  
  96  8:06  Barracks  
  96  8:08  Terran Infantry Weapons Level 1  
  96  8:52  Viking, Medivac  
  96  8:53  Hellion  
  96  8:54  Hellion  
  97  8:55  Supply Depot, Barracks Reactor  
  97  9:02  Marauder  
  80  9:08  Reaper  
  69  9:14  Hellion  
  69  9:15  Hellion  
  70  9:22  Viking, Raven  
  70  9:23  Marine  
  72  9:28  Command Center  
  72  9:31  Marine  
  72  9:37  Siege Tank  
  76  9:42  Marine  
  76  9:43  Starport  
  77  9:48  Marine  
  77  9:49  Factory  
Show
View Real Time Build Order
Export as new Build Order

Doll Zerg 

Build Orders: Hatch First, Lurkers 

Get SALT Encoding   

  12  0:00  Drone  
  13  0:13  Overlord  
  13  0:18  Drone  
  14  0:32  Drone x2  
  16  0:49  Drone  
  17  0:54  Hatchery  
  16  0:58  Drone  
  16  1:02  Extractor, Drone  
  17  1:19  Spawning Pool  
  17  1:20  Drone  
  17  1:25  Drone  
  18  1:32  Overlord  
  19  1:40  Drone  
  19  1:52  Extractor, Drone  
  19  2:07  Queen, Zergling x4  
  23  2:11  Queen  
  25  2:15  Drone  
  25  2:19  Drone  
  27  2:25  Drone  
  27  2:28  Drone  
  29  2:34  Drone  
  30  2:39  Drone  
  31  2:47  Drone  
  32  2:51  Drone  
  32  2:56  Overlord  
  32  2:59  Lair  
  31  3:17  Zergling x2  
  31  3:18  Zergling x2  
  33  3:22  Hatchery  
  33  3:26  Drone  
  33  3:27  Drone  
  34  3:29  Drone  
  34  3:31  Drone  
  34  3:34  Drone  
  37  3:36  Drone  
  37  3:39  Zergling x2  
  39  3:42  Zergling x2  
  39  3:44  Zergling x2  
  41  3:52  Roach Warren  
  40  4:00  Hydralisk Den  
  40  4:01  Drone  
  40  4:02  Drone  
  41  4:04  Drone  
  41  4:06  Drone  
  41  4:08  Zergling x2  
  44  4:17  Infestation Pit  
  44  4:18  Overlord  
  43  4:34  Overlord  
  43  4:36  Hydralisk x2  
  43  4:37  Hydralisk  
  43  4:38  Hydralisk  
  51  4:40  Roach  
  51  4:43  Roach  
  55  4:51  Spine Crawler, Roach  
  56  4:53  Drone  
  56  4:54  Drone  
  56  4:58  Hydralisk  
  60  5:03  Overlord  
  60  5:06  Drone  
  61  5:07  Drone  
  61  5:10  Roach  
  61  5:12  Drone  
  65  5:15  Overlord  
  65  5:20  Drone  
  66  5:22  Drone  
  66  5:23  Drone  
  66  5:25  Drone x2  
  66  5:27  Drone  
  71  5:29  Zergling x2  
  71  5:33  Hydralisk  
  74  5:36  Hydralisk  
  74  5:40  Overlord  
  74  5:42  Drone  
  77  5:43  Drone  
  78  5:53  Lurker Den  
  78  5:54  Extractor  
  78  5:56  Extractor  
  75  5:59  Drone x2  
  75  6:00  Hydralisk, Drone  
  75  6:01  Hydralisk  
  75  6:02  Hydralisk  
  84  6:05  Hydralisk  
  84  6:09  Hydralisk  
  88  6:12  Overlord  
  88  6:19  Baneling Nest  
  88  6:20  Overlord  
  88  6:22  Overseer  
  88  6:25  Overseer  
  87  6:32  Drone x4  
  91  6:33  Drone x3  
  91  6:35  Hydralisk  
  91  6:38  Hydralisk  
  98  6:43  Hydralisk  
  98  6:45  Overlord  
  100  6:48  Hydralisk  
  100  6:53  Lurker  
  104  6:54  Lurker  
  104  6:55  Drone  
  104  6:57  Drone  
  106  7:03  Extractor  
  106  7:04  Extractor, Drone x3  
  106  7:06  Lurker  
  106  7:07  Lurker  
  109  7:08  Overlord  
  109  7:10  Drone  
  109  7:11  Drone  
  109  7:14  Hydralisk  
  113  7:17  Overlord  
  113  7:20  Glial Reconstitution  
  113  7:28  Hydralisk  
  115  7:32  Hydralisk  
  115  7:34  Overlord, Drone  
  115  7:36  Hydralisk  
  120  7:40  Hydralisk  
  120  7:42  Drone  
  123  7:47  Hydralisk  
  123  7:49  Drone  
  123  7:50  Drone  
  127  7:51  Queen  
  127  7:55  Queen  
  131  8:02  Metabolic Boost  
  131  8:03  Centrifical Hooks  
  131  8:19  Hatchery  
  130  8:21  Drone x2  
  130  8:22  Spire, Drone  
  132  8:29  Hive  
  132  8:33  Overlord x2  
  132  8:34  Hydralisk  
  132  8:36  Roach  
  132  8:38  Roach  
Tags
 
Add a new tag
Caveats
  • Supply blocks, unpowered buildings, or Contaminate may cause inaccurate times.
  • Supply counts are checked every 10 seconds.